 Dungeon Crawl Stone Soup version 0.27-a0-40-g5f2be0e231 (webtiles) character file.

Game seed: 7113766896097071314

39 wakim the Ruffian (level 3, -10/31 HPs)
             Began as a Naga Transmuter on Jan 5, 2021.
             Mangled by a goblin
             ... wielding a +2 dagger of electrocution
              (13 damage)
             ... on level 2 of the Dungeon.
             The game lasted 00:08:10 (2148 turns).

wakim the Ruffian (Naga Transmuter)                 Turns: 2148, Time: 00:08:11

Health: -10/31     AC:  2    Str: 12    XL:     3   Next: 47%
Magic:  4/6        EV: 10    Int: 14    God:
Gold:   43         SH:  0    Dex: 11    Spells: 3/6 levels left

rFire    . . .     SeeInvis +     - Unarmed
rCold    . . .     Faith    .   (no shield)
rNeg     . . .     Spirit   .   a - +0 robe
rPois    +         Reflect  .   (helmet currently unavailable)
rElec    .         Harm     .   (no cloak)
rCorr    .         Rampage  .   (no gloves)
Will     .....                  (no barding)
Stlth    +.........             (no amulet)
HPRegen  0.10/turn              (no ring)
MPRegen  0.10/turn              (no ring)

@: appendages (expiring), wereblooded, very slow
A: large, horns 2, see invisible, deformed body, poison resistance, slowness 2,
spit poison 1, AC +1
a: Spit Poison, End Transformation


You were on level 2 of the Dungeon.
You had grown temporary horns.
You visited 1 branch of the dungeon, and saw 2 of its levels.

You collected 43 gold pieces.

Inventory:

Armour
 a - a +0 robe (worn)
 c - a +2 hat (melded)
Scrolls
 b - 2 scrolls of remove curse {unknown}
 g - a scroll of random uselessness {unknown}
Potions
 d - a potion of brilliance {unknown}
 e - a potion of berserk rage {unknown}
 f - a potion of curing {unknown}
 h - a potion of degeneration {unknown}
 i - a potion of attraction {unknown}


   Skills:
 + Level 1.5 Fighting
 - Level 1.5 Dodging
 * Level 3.5 Unarmed Combat
 + Level 2.2 Spellcasting
 * Level 2.7 Transmutations


You had 3 spell levels left.
You knew the following spells:

 Your Spells              Type           Power        Failure   Level
a - Beastly Appendage     Tmut           18%          8%          1
b - Wereblood             Tmut           9%           12%         2

Your spell library contained the following spells:

 Spells                   Type           Power        Failure   Level
 Spider Form              Tmut/Pois      2%           36%         3
 Ice Form                 Ice/Tmut       5%           78%         4
 Blade Hands              Tmut           4%           91%         5


Dungeon Overview and Level Annotations

Branches:
Dungeon (2/15)

Altars:


Innate Abilities, Weirdness & Mutations

You cannot wear boots.
Your serpentine skin is tough. (AC +1)
You have supernaturally acute eyesight. (SInv)
Armour fits poorly on your strangely shaped body.
Your system is resistant to poisons. (rPois)
You cover ground very slowly.
You can spit poison.
You have a pair of horns on your head.


Message History

You hit the goblin.
The goblin is severely wounded.
A worm comes into view.
The goblin hits you.
* * * LOW HITPOINT WARNING * * *
The goblin barely misses you.
You closely miss the goblin.
The goblin is severely wounded.
The goblin closely misses you.
The goblin hits you with a +2 dagger of electrocution.
* * * LOW HITPOINT WARNING * * *
You closely miss the goblin. Your headbutt misses the goblin.
The goblin is moderately wounded.
The goblin barely misses you.
You hit the goblin.
The goblin is severely wounded.
The goblin hits you with a +2 dagger of electrocution.
* * * LOW HITPOINT WARNING * * *
You are electrocuted!
You die...

.... .r.# # #... .# #
..###.# #. ..#...
#.#####.#.#####
#.w....gg......
########....@.......
#..........†......#.
#.#>..............# ###
#.####..........#
.....#..#######.......+
#....# #....#.## #+##.#
#....#.# #.≈#'# #....#
# #≈..)# #...)# #


You could see a worm, 2 goblins and a rat.

Vanquished Creatures
  An adder (D:1)
  A worm (D:2)
  3 giant cockroaches
  6 goblins
  2 hobgoblins (D:1)
  2 bats
  2 frilled lizards (D:1)
  4 kobolds (D:1)
  6 rats (D:1)
27 creatures vanquished.

Notes
Turn   | Place    | Note
-------+----------+-------------------------------------------
     0 | D:1      | wakim the Naga Transmuter began the quest for the Orb.
     0 | D:1      | Reached XP level 1. HP: 18/18 MP: 3/3
   303 | D:1      | Reached XP level 2. HP: 25/25 MP: 3/5
   307 | D:1      | Learned a level 2 spell: Wereblood
  1744 | D:1      | Reached XP level 3. HP: 11/30 MP: 6/6
  2148 | D:2      | Mangled by a goblin

Illustrated notes

Levels and vault maps discovered:
D:1:      sevenhm_arrival_forest_fort_large_2, layout_loops_cross,
          minmay_misc_feat_cross, roderic_roman_lattice
D:2:      minmay_thinvault, layout_basic, kennysheep_nondescript,
          glass_columns_a

Action                   || total
-------------------------++-------
Melee: Unarmed           ||    98
       Headbutt          ||     6
       Punch             ||     1
 Cast: Beastly Appendage ||    14
       Wereblood         ||     3
 Abil: Spit Poison       ||     6
Armor: Robe              ||    16
Dodge: Dodged            ||    52

Table legend: (Time is in decaauts)
 A = Elapsed time spent in this place.
 B = Non-inter-level travel time spent in this place.
 C = Inter-level travel time spent in this place.
 D = Time resting spent in this place.
 E = Time spent auto-exploring this place.
 F = Levels seen in this place.
 G = Mean time per level.
                   A        B        C        D        E       F      G
               +--------+--------+--------+--------+--------+-----+--------+
         Total |   2517 |   2352 |    165 |    190 |   1824 |   2 | 1258.5 |
       Dungeon |   2517 |   2352 |    165 |    190 |   1824 |   2 | 1258.5 |
               +--------+--------+--------+--------+--------+-----+--------+

Top non-repeatable levels by time:
     D:1: 2263 daAuts
     D:2: 254 daAuts
